Meike, neutral female human Tourist --------- -------- -------------- ------ |>......| |(((().| ----- #.............. |.....# |.......-# |).=*?.| |...-########|............| |....|# -------.-# |......| |...| # #|............| |....|# ## # |......| |...| |.....^......| -.----# # # ----|--- |...| |............| ### ## ### # ## |.... ------|------- # # # # # -|--- ##### #B# ## ### # ### ## ### @ ## # # # # # # #### # ##### ### ### ---|------ ---f-- ### # # -|-.-------- # |........| |....-##### ---|- # ...........| ## ##-........| #-....| ####|...| # |..........| ---------|- # |.........#######|....| ####....| ###|..........| |...<......###### ---------- |....| # |...| #...........| |.........| ------ ##....| |..........| ----------- ----- ------------ Meike the Sightseer Experience level: 5 Strength: 12 Dexterity: 14 Constitution: 13 Intelligence: 13 Wisdom: 12 Charisma: 12 Health: 0(33) Energy: 18(18) Def: 6 Gold: 730 Moves: 3497 Dungeon seed: 4NRSb31n9M56zAEd Game ID: Meike_1574346084 Your Inventory: Coins $ - 730 gold pieces Weapons a - 26 +2 darts (in quiver) p - a +1 dagger B - a +0 long sword (weapon in hand) M - a cursed -2 orcish dagger S - 9 cursed -2 crossbow bolts Armor e - an uncursed +0 Hawaiian shirt (being worn) q - an uncursed +0 pair of water walking boots u - an uncursed +0 pair of iron shoes (being worn) y - an uncursed +0 studded leather armor (being worn) N - an uncursed +0 orcish helm Y - an uncursed +0 orcish helm (being worn) Comestibles b - 3 uncursed food rations d - 2 uncursed lembas wafers g - 2 uncursed fortune cookies Scrolls f - an uncursed scroll of scare monster l - 4 uncursed scrolls of magic mapping o - an uncursed scroll of earth s - an uncursed scroll of identify w - an uncursed scroll of create monster R - a cursed scroll of identify T - a blessed scroll of identify Spellbooks v - an uncursed spellbook of slow monster x - an uncursed spellbook of magic missile C - an uncursed spellbook of healing J - an uncursed spellbook of magic mapping U - an uncursed spellbook of cure sickness Potions h - a potion of holy water k - 3 uncursed potions of extra healing V - an uncursed potion of oil Rings G - an uncursed ring of searching (on left hand) I - an uncursed ring of sustain ability (on right hand) Wands t - a wand of light (0:11) D - a blessed wand of create monster (0:11) Tools m - an expensive camera (0:33) n - an uncursed skeleton key L - a blessed tallow candle (0:200) Gems i - 2 uncursed worthless pieces of blue glass r - an uncursed opal z - an uncursed worthless piece of white glass Spells and supernatural/magical abilities: Name Level Category Fail Memory W - pray for help -- divine ? -- Your skills at the end: Fighting Skills Weapon Skills long sword [Basic] dart [Basic] Spellcasting Skills Final Attributes: You were piously aligned. You had automatic searching. You had fixed abilities. You are dead. Vanquished creatures: a fog cloud a shrieker a gnome lord a wererat 2 iguanas 2 acid blobs 3 manes 2 large kobolds a hobgoblin a cave spider a brown mold a yellow mold a green mold 4 geckos 7 jackals 3 goblins a sewer rat 7 grid bugs a bat 8 lichens 2 kobold zombies 4 newts 55 creatures vanquished. Voluntary challenges: You were an atheist. You used a wielded weapon 34 times, starting on turn 599. You were illiterate. You never genocided any monsters. You never polymorphed an object. You never changed form. You used no wishes. You never split a pudding. You never wrote Elbereth's name. You never violated your personal moral code. Dungeon overview: The Dungeons of Doom: levels 1 to 5 Level 1 a long staircase Level 2 a general store, a fountain, a sink Level 3 a fountain a long staircase Level 4 <- You were here a general store Level 5 History has recorded: On T:1 you entered the Dungeons of Doom to retrieve the Amulet of Yendor! On T:212 you reached level 2 of The Dungeons of Doom. On T:415 you advanced to experience level 2. On T:1269 you advanced to experience level 3. On T:1593 you reached level 3 of The Dungeons of Doom. On T:2147 you advanced to experience level 4. On T:2397 you reached level 4 of The Dungeons of Doom. On T:2651 you reached level 5 of The Dungeons of Doom. On T:3493 you advanced to experience level 5. Score breakdown: Gold: 573 ( 9384 points) Experience: 5 levels (11141 points) Exploration: 5 levels ( 10.20%) ( 8660 points) Discoveries: 5 items ( 1.68%) ( 3885 points) Valuables value: (no points given unless you survive) Artifact value: 0 ( 0 points) Variety of kills: 22 monsters ( 5.77%) ( 7208 points) Turncount: 3497 turns ( -826 points) Survival: died (score multiplied by 80%) Total score: 31561 Latest messages: The cave spider bites! (2x) You hit the cave spider! The cave spider misses. You miss the cave spider. The cave spider bites! You miss the cave spider. The cave spider bites! The cave spider misses. You miss the cave spider. The cave spider bites! You miss the cave spider. The cave spider just misses! You kill the cave spider! Welcome to experience level 5. The giant bat bites! The giant bat misses. The dart hits the giant bat. The giant bat misses. The dart hits the giant bat. The giant bat bites! You see here 2 +2 darts. The giant bat bites! You die... Final status: Aloha Meike the Tourist, killed by a giant bat... You died in The Dungeons of Doom on dungeon level 4 with 31561 points, and 730 pieces of gold, after 3497 moves. You were level 5 with a maximum of 33 hit points when you died.